 Dungeon Sprint DCSS version 0.27-a0-277-g024f7ef292 (webtiles) character file.

Game seed: 8030737362593759947

1404 mhtbhm the Swashbuckler (level 9, -3/96 HPs)
             Began as a Kobold Berserker on Feb 7, 2021.
             Was a High Priest of Trog.
             Slain by a two-headed ogre
             ... wielding a +0 giant club
              (25 damage)
             ... in the Dungeon (Sprint III: "The Ten Rune Challenge").
             The game lasted 00:01:52 (1287 turns).

mhtbhm the Swashbuckler (Kobold Berserker)          Turns: 1287, Time: 00:01:52

Health: -3/96      AC:  3    Str: 18    XL:     9   Next: 1%
Magic:  9/9        EV: 19    Int: 13    God:    Trog [*****.]
Gold:   25         SH:  0    Dex: 14    Spells: 8/8 levels left

rFire    . . .     SeeInvis .   a - +4 falchion "Ono Ramm" {vorpal, rN+ Int+5}
rCold    . . .     Faith    .   (shield restricted)
rNeg     + . .     Spirit   .   b - +1 robe {Archmagi}
rPois    .         Reflect  .   (no helmet)
rElec    .         Harm     .   (no cloak)
rCorr    .         Rampage  .   (no gloves)
Will     .....     NoTele   +   (no boots)
Stlth    ..........             (no amulet)
HPRegen  0.26/turn              (no ring)
MPRegen  0.11/turn              (no ring)

@: berserking, very quick
A: small, nightstalker 3
a: Renounce Religion, Berserk, Trog's Hand, Brothers in Arms


You were in the Dungeon.
You worshipped Trog.
Trog was extremely pleased with you.
You visited 1 branch You collected 25 gold pieces.

Inventory:

Hand Weapons
 a - the +4 falchion "Ono Ramm" (weapon) {vorpal, rN+ Int+5}
   (Trog gifted it to you in the Dungeon)

   It inflicts extra damage upon your enemies.
   It affects your intelligence (+5).
   It protects you from negative energy.
Armour
 b - a +1 robe of the Archmagi (worn)
Wands
 o - a wand of polymorph (12)
Scrolls
 h - a scroll of blinking
 i - 5 scrolls of remove curse
 k - a scroll of torment {unknown}
 l - 3 scrolls of identify
 n - a scroll of immolation {unknown}
Potions
 c - 3 potions of curing
 d - a potion of heal wounds
 e - 2 potions of haste
 f - 2 potions of magic
 g - a potion of berserk rage
 j - 4 potions of mutation {unknown}
 m - a potion of flight {unknown}
Miscellaneous
 p - a box of beasts


   Skills:
 + Level 11.2 Fighting
 + Level 15.8(15.9) Short Blades
 + Level 1.3(7.0) Long Blades
 + Level 3.0 Armour
 + Level 7.6 Dodging
 + Level 9.6 Stealth


You had 8 spell levels left.
You didn't know any spells.
Your spell library was empty.

Dungeon Overview and Level Annotations

Branches:
Dungeon (1/1)

Altars:
Cheibriados
Dithmenos
Elyvilon
Fedhas
Gozag
Hepliaklqana
Kikubaaqudgha
Makhleb
Nemelex Xobeh
Okawaru
Qazlal
Ru
Sif Muna
Trog
Uskayaw
Vehumet
Wu Jian
Xom
Yredelemnul
Zin
The Shining One
Beogh
Jiyva
Lugonu


Innate Abilities, Weirdness & Mutations

You are small and have problems with some larger weapons.
You are completely attuned to the shadows.


Message History

The two-headed ogre barely misses you.
You slash the two-headed ogre!
The two-headed ogre is lightly wounded.
You slash the two-headed ogre!
The two-headed ogre is moderately wounded.
The two-headed ogre completely misses you.
The two-headed ogre barely misses you.
You slash the two-headed ogre!
The two-headed ogre is heavily wounded.
You slash the two-headed ogre!
The two-headed ogre is severely wounded.
The two-headed ogre closely misses you. x2
You slash the two-headed ogre!
The two-headed ogre is almost dead.
You completely miss the two-headed ogre.
The two-headed ogre is almost dead.
The two-headed ogre hits you with a +0 giant club!!
* * * LOW HITPOINT WARNING * * *
The two-headed ogre hits you with a +0 giant spiked club!!
You die...

__)#._# '###)##
)...).# ......#
#####'#
__#...#+#############
__#...#....#)#.#O....
__#...##.#.)#.##O#
__#...'##.#.#.##@#
__'...#...#..#..##
▓▓▓▓▓▓▓▓▓▓▓▓▓▓▓▓▓


You could see 2 two-headed ogres.

Vanquished Creatures
  A deep elf pyromancer (D)
  A shadow (D)
  A spatial vortex (D)
  A necrophage (D)
  2 two-headed ogres (D)
  A water elemental (D)
  A jelly (D)
  Jessica (D)
  A wizard (D)
  A necromancer (D)
  3 humans (D)
  A kobold demonologist (D)
  2 oozes (D)
  A phantom (D)
  A rat (D)
19 creatures vanquished.

Notes
Turn   | Place    | Note
-------+----------+-------------------------------------------
     0 | D        | mhtbhm the Kobold Berserker began the quest for the Orb.
     0 | D        | Reached XP level 1. HP: 14/14 MP: 1/1
    23 | D        | Reached skill level 5 in Short Blades
    23 | D        | Reached XP level 2. HP: 8/20 MP: 2/2
   240 | D        | Reached ** piety under Trog
   244 | D        | Noticed Jessica
   248 | D        | Killed Jessica
   249 | D        | Reached skill level 5 in Fighting
   249 | D        | Reached skill level 6 in Short Blades
   249 | D        | Reached skill level 1 in Stealth
   249 | D        | Reached XP level 3. HP: 26/26 MP: 3/3
   438 | D        | Reached *** piety under Trog
   439 | D        | Reached skill level 7 in Short Blades
   439 | D        | Reached XP level 4. HP: 3/32 MP: 4/4
   729 | D        | Noticed a water elemental
   737 | D        | Killed a water elemental
   738 | D        | Reached skill level 8 in Short Blades
   738 | D        | Reached XP level 5. HP: 37/37 MP: 5/5
   807 | D        | Found a radiant altar of Vehumet.
   807 | D        | Found a shimmering blue altar of Sif Muna.
   807 | D        | Found an ancient bone altar of Kikubaaqudgha.
   813 | D        | Reached skill level 9 in Short Blades
   813 | D        | Reached **** piety under Trog
   848 | D        | Found a glowing silver altar of Zin.
   848 | D        | Found a glowing golden altar of the Shining One.
   848 | D        | Found a white marble altar of Elyvilon.
   849 | D        | Noticed a deep elf pyromancer
   859 | D        | Killed a deep elf pyromancer
   860 | D        | Reached skill level 13 in Short Blades
   860 | D        | Reached XP level 6. HP: 48/48 MP: 6/6
   860 | D        | Reached XP level 7. HP: 52/52 MP: 7/7
   901 | D        | Found a hide-covered altar of Uskayaw.
   901 | D        | Found a roughly hewn altar of Beogh.
   901 | D        | Found an iron altar of Okawaru.
   901 | D        | Found a bloodstained altar of Trog.
   901 | D        | Found an ornate altar of the Wu Jian Council.
   901 | D        | Noticed a human
   902 | D        | Noticed a human
   911 | D        | Killed a human
   912 | D        | Reached skill level 10 in Fighting
   912 | D        | Reached skill level 14 in Short Blades
   912 | D        | Reached XP level 8. HP: 57/57 MP: 8/8
   916 | D        | Killed a human
   916 | D        | Reached ***** piety under Trog
   990 | D        | Found a basalt altar of Yredelemnul.
   990 | D        | Found a shadowy altar of Dithmenos.
   990 | D        | Found a sacrificial altar of Ru.
   995 | D        | Received a gift from Trog
  1008 | D        | Got a dazzling falchion {god gift}
  1009 | D        | Identified the +4 falchion "Ono Ramm" {vorpal, rN+ Int+5}
                  | (Trog gifted it to you in the Dungeon)
  1103 | D        | Noticed a shadow
  1108 | D        | Killed a shadow
  1109 | D        | Reached skill level 15 in Short Blades
  1143 | D        | Found a blossoming altar of Fedhas.
  1143 | D        | Found a stormy altar of Qazlal.
  1143 | D        | Found a snail-covered altar of Cheibriados.
  1143 | D        | Found a burning altar of Makhleb.
  1143 | D        | Found a shimmering altar of Xom.
  1144 | D        | Found a hazy altar of Hepliaklqana.
  1144 | D        | Found an opulent altar of Gozag.
  1144 | D        | Found a sparkling altar of Nemelex Xobeh.
  1144 | D        | Found a corrupted altar of Lugonu.
  1144 | D        | Found a viscous altar of Jiyva.
  1221 | D        | Reached skill level 1 in Long Blades
  1225 | D        | Reached XP level 9. HP: 64/64 MP: 9/9
  1275 | D        | Noticed a two-headed ogre
  1287 | D        | Slain by a two-headed ogre

Illustrated notes

Levels and vault maps discovered:
D:        dungeon_sprint_mu [sprint_mu_entry_cave, sprint_mu_temple_rooms,
          sprint_mu_d1_spiders, sprint_mu_d2_genie, sprint_mu_d3_branching,
          sprint_mu_orc_legion, sprint_mu_elf_gauntlet, sprint_mu_hive_nellie,
          sprint_mu_lair_fedhas, sprint_mu_vaults_butterflies,
          sprint_mu_slime_circle, sprint_mu_shoals_kraken,
          sprint_mu_snake_twists, sprint_mu_blade_basic,
          sprint_mu_crypt_chambers, sprint_mu_tomb_spiral,
          sprint_mu_vestibule_basic, sprint_mu_gehenna_hellfire,
          sprint_mu_dis_giant, sprint_mu_tartarus_statrot,
          sprint_mu_cocytus_islands, sprint_mu_zot1]

Skill      XL: |  1  2  3  4  5  6  7  8 |
---------------+-------------------------+-----
Fighting       | 4 5 6 9 10 11 | 11.2
Short Blades   | 5 6 7 8 13 14 15 | 15.8
Armour         | 2 3 |  3.0
Dodging        | 3 4 6 7 |  7.6
Stealth        | 1 3 7 9 |  9.6
Long Blades    | 1 |  1.3

Action                   |  1- 3 |  4- 6 |  7- 9 || total
-------------------------+-------+-------+-------++-------
Melee: Short sword       |    38 |    17 |    21 ||    76
       Falchion          |       |       |    25 ||    25
Invok: Berserk           |     2 |     3 |     5 ||    10
  Use: Potion            |       |       |     1 ||     1
 Stab: Sleeping          |     3 |     1 |     4 ||     8
Armor: Robe              |     2 |       |       ||     2
Dodge: Dodged            |    16 |     4 |    26 ||    46
       Rpst.: Falchion   |       |       |     2 ||     2

Table legend: (Time is in decaauts)
 A = Elapsed time spent in this place.
 B = Non-inter-level travel time spent in this place.
 C = Inter-level travel time spent in this place.
 D = Time resting spent in this place.
 E = Time spent auto-exploring this place.
 F = Levels seen in this place.
 G = Mean time per level.
                   A        B        C        D        E       F      G
               +--------+--------+--------+--------+--------+-----+--------+
         Total |   1356 |   1356 |      0 |   1040 |     72 |   1 | 1356.0 |
       Dungeon |   1356 |   1356 |      0 |   1040 |     72 |   1 | 1356.0 |
               +--------+--------+--------+--------+--------+-----+--------+

Top non-repeatable levels by time:
       D: 1356 daAuts
